 Dungeon Crawl Stone Soup version 0.23-a0-558-g30802b1 (webtiles) character file.

27 Amnesiac the Ducker (level 2, -1/16 HPs)
             Began as a Spriggan Berserker on Dec 12, 2018.
             Was a Follower of Trog.
             Slain by an adder (3 damage)
             ... on level 2 of the Dungeon.
             The game lasted 00:01:36 (827 turns).

Amnesiac the Ducker (Spriggan Berserker)             Turns: 827, Time: 00:01:36

Health: -1/16      AC:  2    Str: 13    XL:     2   Next: 93%
Magic:  3/3        EV: 20    Int:  8    God:    Trog [*.....]
Gold:   94         SH:  0    Dex: 15    Spells: 1/1 levels left

rFire    . . .     SeeInvis +   a - +0 short sword
rCold    . . .     Gourm    .   (shield restricted)
rNeg     . . .     Faith    .   b - +0 animal skin
rPois    .         Spirit   .   (helmet restricted)
rElec    .         Reflect  .   (no cloak)
rCorr    .         Harm     .   (gloves unavailable)
MR       .....                  (boots unavailable)
Stlth    ++........             (no amulet)
HPRegen  0.05/turn              (no ring)
MPRegen  0.08/turn              (no ring)

@: lethally poisoned (-1 -> -17), very quick
A: very small, unfitting armour, see invisible, herbivore, speed 3, slow
metabolism 2
a: Berserk, Renounce Religion


You were on level 2 of the Dungeon.
You worshipped Trog.
Trog was aware of your devotion.
You were not hungry.

You visited 1 branch of the dungeon, and saw 2 of its levels.

You collected 94 gold pieces.

Inventory:

Hand Weapons
 a - a +0 short sword (weapon)
Missiles
 h - 42 poisoned needles
Armour
 b - a +0 animal skin (worn)
Scrolls
 f - 3 scrolls of identify {!r, unknown}
Potions
 d - a potion of curing {!q, unknown}
 e - 2 potions of heal wounds {!q}
 g - a potion of cancellation {!q, unknown}
Comestibles
 c - 4 rations


   Skills:
 + Level 2.6 Fighting
 * Level 3.9 Short Blades
 + Level 4.8 Dodging
 + Level 1.1 Stealth


You had one spell level left.
You didn't know any spells.
Your spell library was empty.

Dungeon Overview and Level Annotations

Branches:
Dungeon (2/15)

Altars:
Uskayaw


Innate Abilities, Weirdness & Mutations

You are very small and have problems with some larger weapons.
You are too small for most types of armour.
You have supernaturally acute eyesight. (SInv)
You are a herbivore.
You cover ground extremely quickly.
You need to consume almost no food.


Message History

You are too injured to fight recklessly!
You are too injured to fight recklessly!
You are too injured to fight recklessly!
You are too injured to fight recklessly!
You are too injured to fight recklessly!
You are too injured to fight recklessly!
You are too injured to fight recklessly!
You are too injured to fight recklessly!
You are too injured to fight recklessly!
You are too injured to fight recklessly!
You are too injured to fight recklessly!
* * * LOW HITPOINT WARNING * * *
You feel sick.
* * * LOW HITPOINT WARNING * * *
You feel sick.
Okay, then.
Really quaff
e - 3 ruby potions {!q}?
It was a potion of heal wounds {!q}.
You feel much better.
You feel sick. The adder bites you but does no damage.
You miss the adder.
The adder is severely wounded.
You feel sick. The adder misses you.
The jackal barks!
You hit the adder but do no damage.
The adder is severely wounded.
You feel sick. The adder closely misses you.
You miss the adder.
The adder is severely wounded.
You feel sick. The adder misses you.
You hit the adder.
The adder is almost dead.
You feel sick. The adder closely misses you.
You barely miss the adder.
The adder is almost dead.
The adder bites you.
An adder comes into view.
A dart slug comes into view.
The adder closely misses you.
You hit the adder but do no damage.
The adder is almost dead.
* * * LOW HITPOINT WARNING * * *
You feel sick. The adder completely misses you.
You completely miss the adder.
The adder is almost dead.
* * * LOW HITPOINT WARNING * * *
You feel sick. The adder misses you.
You miss the adder.
The adder is almost dead.
The adder misses you.
You closely miss the adder.
The adder is almost dead.
* * * LOW HITPOINT WARNING * * *
You feel sick. The adder misses you.
You barely miss the adder.
The adder is almost dead.
The adder bites you.
* * * LOW HITPOINT WARNING * * *
You are more poisoned.
The adder poisons you!
* * * LOW HITPOINT WARNING * * *
You feel sick. The adder completely misses you. x2
The jackal completely misses you.
* * * LOW HITPOINT WARNING * * *
You feel sick. The adder bites you.
You die...

............#####
#...............#
#S....8.......8.#
#..<............#
......8.......8.# ..
#......?.!)%....####.
#.....8w.._...8.#....
#........###...$.....
..)...#hhS@....##.##
#.......S#S.##..#.#####
##).######............#
.... ####....#....# #..
#....#....# #.
#..#......# #
##..#.....#
###.######.......#
....#............#


You could see 3 adders, a dart slug and 2 jackals.

Vanquished Creatures
  A dart slug (D:1)
  A ball python (D:1)
  6 goblins
  2 hobgoblins (D:1)
  3 bats (D:1)
  A frilled lizard (D:1)
  5 kobolds (D:1)
  7 rats
26 creatures vanquished.

Vanquished Creatures (others)
  A plant (D:1)
1 creature vanquished.

Grand Total: 27 creatures vanquished

Notes
Turn   | Place    | Note
-------+----------+-------------------------------------------
     0 | D:1      | Amnesiac the Spriggan Berserker began the quest for the
                  | Orb.
     0 | D:1      | Reached XP level 1. HP: 11/11 MP: 2/2
   131 | D:1      | Reached XP level 2. HP: 16/16 MP: 3/3
   495 | D:1      | Reached skill level 1 in Stealth
   786 | D:2      | Found a hide-covered altar of Uskayaw.
   827 | D:2      | Slain by an adder

Vault maps used:
D:1:      wander_arrival_estate, serial_bayou_pond_c, nrook_campfire
D:2:      eat_drink_and_be_merry_uskayaw, ashenzari_altar_1,
          chequers_ecumenical_altar_simple_redux

Skill      XL: |  1  2 |
---------------+-------+-----
Stealth        | 1 |  1.1
Fighting       | |  2.6
Short Blades   | |  3.9
Dodging        | |  4.8

Action                   || total
-------------------------++-------
Melee: Short sword       ||   201
  Use: Potion            ||     1
 Stab: Sleeping          ||     2
       Distracted        ||     1
Armor: Animal skin       ||     8
Dodge: Dodged            ||    89

Table legend:
 A = Non-vault XP
 B = Vault XP
 C = Vault XP percentage of total XP
 D = Non-vault monster count
 E = Vault monster count
 F = Vault count percentage of total count
                 A         B        C        D         E       F
            +---------+---------+-------+---------+---------+-------
      Total |      39 |       0 |   0.0 |      26 |       0 |   0.0
            +---------+---------+-------+---------+---------+-------
        D:1 |      37 |       0 |   0.0 |      24 |       0 |   0.0
        D:2 |       2 |       0 |   0.0 |       2 |       0 |   0.0
            +---------+---------+-------+---------+---------+-------
